 Dungeon Crawl Stone Soup version 0.32-a0-656-g3542139ebd (webtiles) character file.

Game seed: 14064884837228249736

28 Shayle the Apothecary (level 3, 0/24 HPs)
             Began as a Coglin Alchemist on Mar 8, 2024.
             Slain by Terence
             ... wielding a +0 short sword
              (5 damage)
             ... on level 2 of the Dungeon.
             The game lasted 00:02:21 (1229 turns).

Shayle the Apothecary (Coglin Alchemist)            Turns: 1229, Time: 00:02:22

Health: 0/24       AC:  3    Str:  8    XL:     3   Next: 12%
Magic:  4/6        EV: 11    Int: 16    God:
Gold:   17         SH:  0    Dex: 14    Spells: 5/6 levels left

rFire   + . .        h - +0 dagger {Bianca}
rCold   . . .        i - +0 hand axe {Kanchana}
rNeg    . . .        f - +0 leather armour {rF+}
rPois   .            (no helmet)
rElec   .            (no cloak)
rCorr   .            (no gloves)
SInv    .            (no boots)
Will    .....        (amulet unavailable)
Stlth   ++           (ring unavailable)
HPRegen 0.24/turn    (ring unavailable)
MPRegen 0.10/turn    (no gizmo)

%: no passive effects
@: revved
A: off-hand wielding, slow wielding, warmup strikes, no jewellery
a: Invent Gizmo


You were on level 2 of the Dungeon.
You visited 1 branch of the dungeon, and saw 2 of its levels.

You collected 17 gold pieces.

Inventory:

Hand Weapons
 h - a +0 dagger (weapon) {Bianca}
 i - a +0 hand axe (offhand) {Kanchana}
Armour
 a - a +0 robe
 f - a +0 leather armour of fire resistance (worn)
Scrolls
 c - a scroll of fog {unknown}
 d - a scroll of fear {unknown}
 e - a scroll of torment {unknown}
 l - a scroll of teleportation {unknown}
Potions
 b - a potion of magic
 g - a potion of enlightenment {unknown}
 j - 2 potions of mutation {unknown}
 k - a potion of berserk rage {unknown}
 m - a potion of cancellation {unknown}
 n - a potion of curing {unknown}


   Skills:
 + Level 2.1 Dodging
 - Level 1.5 Stealth
 + Level 2.1 Spellcasting
 + Level 1.4 Conjurations
 + Level 3.6 Alchemy


You had 5 spell levels left.
You knew the following spells:

 Your Spells              Type           Power      Damage    Failure   Level
a - Sting                 Conj/Alch      36%        1d5       11%         1

Your spell library contained the following spells:

 Spells                   Type           Power      Damage    Failure   Level
 Mercury Vapours          Alch/Air       14%        N/A       22%         2
 Mephitic Cloud           Conj/Alch/Air  7%         N/A       41%         3
 Olgreb's Toxic Radiance  Alch           13%        N/A       54%         4
 Sticky Flame             Fire/Alch      7%         2d4       80%         4


Dungeon Overview and Level Annotations

Branches:
Dungeon (2/15)

Altars:

Annotations:
D:2 Terence


Innate Abilities, Weirdness & Mutations

You can wield a second weapon in your off-hand.
It takes a long time for you to wield or remove held weapons.
Your first few attacks do less damage.
You cannot equip rings or amulets.


Message History

Press: ? - help, Shift-Dir - straight line, f/p - Terence
Aim: Terence, wielding a +0 short sword and wearing a +0 scale mail (poisoned, 72% to hit)
The sting hits Terence but does no damage.
Terence looks even sicker.
You hit Terence with your +0 hand axe.
Terence is lightly wounded.
You closely miss Terence with your +0 dagger.
Terence hits you with a +0 short sword.
You hit Terence with your +0 dagger.
Terence is moderately wounded.
You hit Terence but do no damage. Terence hits you but does no damage. x2
You hit Terence but do no damage.
Terence is moderately wounded.
You hit Terence but do no damage. Terence hits you with a +0 short sword.
You completely miss Terence with your +0 dagger.
Terence is moderately wounded.
You closely miss Terence with your +0 hand axe.
Terence hits you with a +0 short sword.
You hit Terence with your +0 dagger.
Terence is moderately wounded.
You barely miss Terence with your +0 hand axe.
Terence hits you with a +0 short sword.
You hit Terence but do no damage.
Terence is moderately wounded.
You barely miss Terence with your +0 dagger.
Terence hits you with a +0 short sword.
You hit Terence with your +0 dagger.
Terence is severely wounded.
You hit Terence but do no damage. Terence hits you with a +0 short sword.
You hit Terence but do no damage.
Terence is severely wounded.
You hit Terence with your +0 hand axe. Terence hits you with a +0 short sword.
* * * LOW HITPOINT WARNING * * *
You hit Terence but do no damage.
Terence is severely wounded.
You hit Terence with your +0 dagger. Terence hits you but does no damage.
Terence shouts, "Now you die!" Terence hits you with a +0 short sword.
You die...
Terence says, "Time to find some more victims."

#..# #.. #.$ #..
#.# #.# #@# #@#
#.# #.#
############# #.#
#............ #.#
#.##†........
#.####.##.#######
#....†.##.#
#########.#####
#..........#


You could see Terence (poisoned).

Vanquished Creatures
  2 bats (D:1)
  4 endoplasms (D:1)
  3 giant cockroaches
  2 goblins (D:1)
  2 hobgoblins
  2 quokkas (D:1)
  3 ball pythons
  A frilled lizard (D:1)
  3 kobolds
  2 rats (D:1)
24 creatures vanquished.

Notes
Turn   | Place    | Note
-------+----------+-------------------------------------------
     0 | D:1      | Shayle the Coglin Alchemist began the quest for the Orb.
     0 | D:1      | Reached XP level 1. HP: 13/13 MP: 3/3
   153 | D:1      | Reached skill level 1 in Conjurations
   335 | D:1      | Reached XP level 2. HP: 19/19 MP: 4/4
   948 | D:2      | Reached XP level 3. HP: 24/24 MP: 6/6
  1216 | D:2      | Noticed Terence
  1229 | D:2      | Slain by Terence

Illustrated notes

Levels and vault maps discovered:
D:1:      matt_arrival_los_fun, layout_loops_ring
D:2:      layout_loops_ring, hellmonk_ecumenical_altar_slurped_away,
          uniq_terence, uniq_natasha

Skill      XL: |  1  2 |
---------------+-------+-----
Conjurations   | 1 |  1.4
Dodging        | 2 |  2.1
Spellcasting   | 2 |  2.1
Stealth        | |  1.5
Alchemy        | |  3.6

Action                     || total
---------------------------++-------
  Melee: Unarmed           ||    27
         Punch             ||     1
         Dagger            ||    50
         Hand axe          ||    27
   Cast: Sting             ||    14
   Stab: Sleeping          ||     2
 Armour: Robe              ||     9
         Leather armour    ||    59
  Dodge: Dodged            ||    53

Table legend: (Time is in decaauts)
 A = Elapsed time spent in this place.
 B = Non-inter-level travel time spent in this place.
 C = Inter-level travel time spent in this place.
 D = Time resting spent in this place.
 E = Time spent auto-exploring this place.
 F = Levels seen in this place.
 G = Mean time per level.
                   A        B        C        D        E       F      G
               +--------+--------+--------+--------+--------+-----+--------+
         Total |   1232 |   1216 |     16 |    136 |    790 |   2 |  616.0 |
       Dungeon |   1232 |   1216 |     16 |    136 |    790 |   2 |  616.0 |
               +--------+--------+--------+--------+--------+-----+--------+

Top non-repeatable levels by time:
     D:1: 917 daAuts
     D:2: 315 daAuts
